[Event "Titled Tuesday Blitz August 09 Early 2022"]
[White "Malek, Jan"]
[Black "Mika, Tomasz"]
[WhiteFideId "21864080"]
[BlackFideId "1132970"]
[WhiteElo "2143"]
[BlackElo "2126"]
[Result "1-0"]
[Round "02"]
[TimeControl "180+1"]
[Date "2022.08.09"]
[WhiteClock "0:00:46"]
[BlackClock "0:00:02"]

1. e4 c6 2. d4 d5 3. f3 dxe4 4. fxe4 e5 5. Nf3 Bg4 6. c3 Nd7 7. Bc4 Bd6 8. O-O Qe7 9. Qb3 Ngf6 10. Qxb7 O-O 11. Nbd2 Rab8 12. Qxc6 Rfc8 13. Qa4 Nb6 14. Qa6 Rc7 15. Bd3 Bd7 16. Bc2 exd4 17. Nxd4 Bc5 18. Qd3 Rd8 19. Nf3 Bg4 20. Bg5 h6 21. Bxf6 Qxf6 22. e5 Qg6 23. Qxg6 fxg6 24. Bb3+ Kh7 25. Kh1 Nd5 26. Rae1 Nf4 27. Re4 Bxf3 28. Rxf4 Bb7 29. Ne6 Ba6 30. Nxc7 Bxf1 31. Rxf1 1-0


[Site "https://www.chess.com"]

[Event "Titled Tuesday Blitz August 09 Early 2022"]
[White "Malka, Samuel"]
[Black "Ernst, Sipke"]
[WhiteFideId "20643675"]
[BlackFideId "1004689"]
[WhiteElo "2513"]
[BlackElo "2436"]
[Result "0-1"]
[Round "02"]
[TimeControl "180+1"]
[Date "2022.08.09"]
[WhiteClock "0:00:08"]
[BlackClock "0:00:58"]

1. Nf3 d5 2. g3 g6 3. Bg2 c6 4. O-O Bg7 5. d3 e5 6. c4 Ne7 7. cxd5 cxd5 8. Nc3 Nbc6 9. Bg5 f6 10. Bd2 Be6 11. Na4 b6 12. b4 Qd7 13. b5 Nd8 14. Rb1 Nb7 15. Bb4 Nd6 16. Nc3 O-O 17. Nd2 Rac8 18. Qb3 d4 19. Nd5 Kh8 20. Qa3 Nxb5 21. Nxe7 Nxa3 22. Bxa3 Rc2 23. Nc4 Rxa2 24. Bc6 Qd8 25. Nxg6+ hxg6 26. Bxf8 Qxf8 27. Be4 f5 28. Bf3 e4 29. dxe4 Bxc4 0-1


[Site "https://www.chess.com"]

[Event "Titled Tuesday Blitz August 09 Early 2022"]
[White "Mardov, Dimitar"]
[Black "Ezat, Mohamed"]
[WhiteFideId "30919495"]
[BlackFideId "10600906"]
[WhiteElo "2185"]
[BlackElo "2386"]
[Result "0-1"]
[Round "02"]
[TimeControl "180+1"]
[Date "2022.08.09"]
[WhiteClock "0:00:19"]
[BlackClock "0:00:20"]

1. d4 Nf6 2. c4 g6 3. f3 Bg7 4. e4 d6 5. Nc3 O-O 6. Be3 Nc6 7. d5 Ne5 8. h3 c5 9. f4 Ned7 10. Nf3 Nh5 11. Kf2 Ndf6 12. e5 dxe5 13. fxe5 Nd7 14. g4 Nxe5 15. gxh5 e6 16. h6 Bf6 17. Bg2 Nxc4 18. Bxc5 Re8 19. Re1 Nxb2 20. Qc2 Qa5 21. Ne4 Bh8 22. Bd4 e5 23. Qxb2 Bf5 24. Bxe5 Rxe5 25. Nxe5 Re8 26. Ng4 Rxe4 27. Rxe4 Qc5+ 28. Kf1 Bxe4 29. Nf6+ Bxf6 30. Qxf6 Bd3+ 31. Ke1 Qe3+ 32. Kd1 Qe2+ 33. Kc1 Qc2# 0-1


[Site "https://www.chess.com"]

[Event "Titled Tuesday Blitz August 09 Early 2022"]
[White "Martin Barcelo, Carles"]
[Black "Bazeev, German"]
[WhiteFideId "24561444"]
[BlackFideId "24119350"]
[WhiteElo "1922"]
[BlackElo "2493"]
[Result "0-1"]
[Round "02"]
[TimeControl "180+1"]
[Date "2022.08.09"]
[WhiteClock "0:01:14"]
[BlackClock "0:00:50"]

1. d4 Nf6 2. c4 e6 3. Nf3 b6 4. Nc3 Bb4 5. g3 Bb7 6. Bg2 O-O 7. O-O Bxc3 8. bxc3 h6 9. a4 a5 10. Qc2 Be4 11. Qb3 d6 12. Nd2 Bxg2 13. Kxg2 e5 14. Qc2 Re8 15. e3 Nc6 16. Ne4 Nxe4 17. Qxe4 Qd7 18. Qd3 e4 19. Qc2 Qf5 20. Ba3 h5 21. h3 Ne7 22. Qe2 Ng6 23. Rab1 Qg5 24. Rb5 f5 25. Kh2 Re6 26. h4 Nxh4 27. Rh1 Nf3+ 28. Kg2 h4 29. Rh3 Rh6 30. c5 hxg3 31. fxg3 Rxh3 32. Kxh3 Kf7 33. Kg2 Rh8 0-1


[Site "https://www.chess.com"]

[Event "Titled Tuesday Blitz August 09 Early 2022"]
[White "Martinez Alcantara, Jose Eduardo"]
[Black "Skawinski, Arkadiusz"]
[WhiteFideId "3805662"]
[BlackFideId "1126415"]
[WhiteElo "2703"]
[BlackElo "2149"]
[Result "1-0"]
[Round "02"]
[TimeControl "180+1"]
[Date "2022.08.09"]
[WhiteClock "0:00:04"]
[BlackClock "0:00:15"]

1. e4 e6 2. d4 d5 3. Nd2 c5 4. Ngf3 cxd4 5. Nxd4 Nf6 6. exd5 Qxd5 7. Nb5 Na6 8. Nc3 Qe5+ 9. Be2 Bb4 10. Nc4 Bxc3+ 11. bxc3 Qxc3+ 12. Bd2 Qd4 13. c3 Qd8 14. Qa4+ Qd7 15. Qa3 Qe7 16. Nd6+ Kf8 17. Rd1 Kg8 18. O-O Ne8 19. Bc1 Nxd6 20. Qxd6 Qxd6 21. Rxd6 h6 22. Bf4 Kh7 23. Bd3+ f5 24. Rd1 Nc5 25. Bc2 b6 26. Be3 Re8 27. g4 Ne4 28. Rc6 Re7 29. Bxe4 fxe4 30. Rcd6 Bb7 31. Rd7 Rae8 32. c4 Bc6 33. R7d6 Ba4 34. R1d4 Bc2 35. Rd2 Bd3 36. c5 bxc5 37. Bxc5 Rc7 38. Be3 Rec8 39. Kg2 Rc1 40. Rd7 Bf1+ 41. Kg3 Bd3 42. Rxa7 R8c7 43. Rxc7 Rxc7 44. a4 Rc4 45. Ra2 Bc2 46. a5 Ra4 47. Rxc2 Rxa5 48. Rc7 Kg6 49. Rc4 e5 50. Rxe4 h5 1-0


[Site "https://www.chess.com"]

[Event "Titled Tuesday Blitz August 09 Early 2022"]
[White "Matveeva, Olga"]
[Black "Shuvalov, Evgenij"]
[WhiteFideId "24107018"]
[BlackFideId "4187237"]
[WhiteElo "2052"]
[BlackElo "2058"]
[Result "1-0"]
[Round "02"]
[TimeControl "180+1"]
[Date "2022.08.09"]
[WhiteClock "0:00:47"]
[BlackClock "0:00:12"]

1. d4 Nf6 2. c4 c5 3. d5 b5 4. cxb5 a6 5. bxa6 Bxa6 6. Nc3 d6 7. g3 Nbd7 8. Rb1 g6 9. Bg2 Bg7 10. Nf3 O-O 11. O-O Qa5 12. Bd2 Rfb8 13. Qc2 Ng4 14. b3 Qa3 15. h3 Nge5 16. Ne1 Nf6 17. Qd1 c4 18. b4 Rxb4 19. Nc2 Rxb1 20. Qxb1 Qc5 21. Be3 Qa5 22. Nb4 Bb7 23. Rc1 Rc8 24. Nc6 Bxc6 25. dxc6 h5 26. Qb7 Qc7 27. Nb5 Qd8 28. c7 Qd7 29. Bb6 d5 30. Na7 Rxc7 31. Qxc7 Qf5 32. Qd8+ Bf8 33. Bxd5 Neg4 34. hxg4 Qxd5 35. Qxd5 Nxd5 36. gxh5 gxh5 37. Bd4 Nb4 38. Rxc4 Nxa2 39. Be3 e6 40. Nc6 Nb4 41. Nxb4 1-0


[Site "https://www.chess.com"]

[Event "Titled Tuesday Blitz August 09 Early 2022"]
[White "Mikhnenko, Alexander"]
[Black "Volkov, Maksim"]
[WhiteFideId "34143014"]
[BlackFideId "54123070"]
[WhiteElo "2134"]
[BlackElo "2155"]
[Result "0-1"]
[Round "02"]
[TimeControl "180+1"]
[Date "2022.08.09"]
[WhiteClock "0:00:12"]
[BlackClock "0:01:01"]

1. e4 c5 2. Nf3 d6 3. d4 cxd4 4. Nxd4 Nf6 5. Nc3 a6 6. h3 e5 7. Nde2 h5 8. Bg5 Be6 9. g3 Nbd7 10. Bg2 Be7 11. O-O Rc8 12. Kh2 b5 13. a3 Ng4+ 14. hxg4 hxg4+ 15. Kg1 Bxg5 16. Qxd6 Be7 17. Qxa6 Bc4 18. Nxb5 Bxe2 19. Nd6+ Bxd6 20. Qxe2 Qf6 21. Qxg4 Rxc2 22. Bh3 Nb6 23. Rad1 Bc5 24. Qf5 Qxf5 25. Bxf5 Rxb2 26. Rc1 Bd4 27. Rc8+ Nxc8 0-1


[Site "https://www.chess.com"]

[Event "Titled Tuesday Blitz August 09 Early 2022"]
[White "Mortazavi, Ali"]
[Black "Rohith Krishna S"]
[WhiteFideId "401323"]
[BlackFideId "46617051"]
[WhiteElo "2339"]
[BlackElo "2118"]
[Result "1-0"]
[Round "02"]
[TimeControl "180+1"]
[Date "2022.08.09"]
[WhiteClock "0:00:14"]
[BlackClock "0:00:29"]

1. Nf3 Nf6 2. g3 b5 3. Bg2 Bb7 4. O-O e6 5. d3 d5 6. Nbd2 Be7 7. a4 b4 8. e4 a5 9. e5 Nfd7 10. Re1 O-O 11. h4 Re8 12. Nf1 c5 13. N1h2 Nc6 14. Ng4 Ba6 15. Bg5 Qb6 16. h5 Bf8 17. h6 g6 18. Bf6 Rec8 19. c3 bxc3 20. bxc3 Qb2 21. Rc1 Ne7 22. c4 d4 23. Ng5 Rab8 24. Bxe7 Bxe7 25. Ne4 Qb6 26. Qf3 Qd8 27. Rb1 Rb4 28. Rxb4 axb4 29. Qf4 Rb8 30. Ngf6+ Nxf6 31. exf6 Bf8 32. Ng5 Bxh6 33. Qh4 Qf8 34. Nxe6 fxe6 35. Rxe6 Bc8 36. Re7 b3 37. Bd5+ Kh8 38. Qxh6 Qxe7 39. fxe7 Be6 40. Qf8+ 1-0


[Site "https://www.chess.com"]

[Event "Titled Tuesday Blitz August 09 Early 2022"]
[White "Mouhamad, Joachim"]
[Black "Lagno, Kateryna"]
[WhiteFideId "656410"]
[BlackFideId "14109336"]
[WhiteElo "2147"]
[BlackElo "2522"]
[Result "0-1"]
[Round "02"]
[TimeControl "180+1"]
[Date "2022.08.09"]
[WhiteClock "0:00:06"]
[BlackClock "0:01:34"]

1. e4 e5 2. Nf3 Nc6 3. Bb5 a6 4. Ba4 d6 5. c3 Bd7 6. O-O g6 7. d4 Bg7 8. h3 Nf6 9. Re1 O-O 10. Bc2 Re8 11. Nbd2 a5 12. Nf1 a4 13. d5 Ne7 14. c4 b5 15. c5 dxc5 16. Be3 c4 17. b3 axb3 18. axb3 Rxa1 19. Qxa1 cxb3 20. Bxb3 Nxe4 21. Bg5 Nxg5 22. Nxg5 Nf5 23. Ne4 Nd4 24. Ba2 Nc2 25. Qc1 Nxe1 26. Qxe1 h6 27. d6 Be6 28. Bxe6 Rxe6 29. Ne3 cxd6 30. Nd5 Kh7 31. g4 f5 32. gxf5 gxf5 33. Ng3 Qg5 34. Qb1 e4 35. Ne3 f4 0-1


[Site "https://www.chess.com"]

[Event "Titled Tuesday Blitz August 09 Early 2022"]
[White "Musovic, Armin"]
[Black "Horcajuelo Rocamora, Martin"]
[WhiteFideId "939935"]
[BlackFideId "24573027"]
[WhiteElo "2255"]
[BlackElo "1882"]
[Result "1-0"]
[Round "02"]
[TimeControl "180+1"]
[Date "2022.08.09"]
[WhiteClock "0:02:48"]
[BlackClock "0:02:35"]

1. a3 d5 2. Nc3 e6 3. e4 d4 4. Nce2 c5 5. Ng3 Nc6 6. Bb5 Bd7 7. Bxc6 Bxc6 8. d3 Bd6 9. h3 Qc7 10. N1e2 Ne7 11. f4 Ng6 12. O-O h5 13. e5 Be7 14. b4 cxb4 15. axb4 Bxb4 16. Nxd4 Bc5 17. Be3 Rd8 18. c3 Ne7 19. Nxh5 Kf8 20. Qg4 g6 21. Nf6 Nf5 22. Nxf5 gxf5 23. Bxc5+ 1-0


[Site "https://www.chess.com"]

[Event "Titled Tuesday Blitz August 09 Early 2022"]
[White "Najdin, Danil"]
[Black "Zhukov, Maksim"]
[WhiteFideId "4172426"]
[BlackFideId "34181790"]
[WhiteElo "2240"]
[BlackElo "1978"]
[Result "1-0"]
[Round "02"]
[TimeControl "180+1"]
[Date "2022.08.09"]
[WhiteClock "0:00:07"]
[BlackClock "0:00:08"]

1. e4 c6 2. d4 d5 3. exd5 cxd5 4. Bd3 Nc6 5. c3 Qc7 6. h3 Nf6 7. Nf3 g6 8. O-O Bf5 9. Re1 e6 10. Bf1 O-O-O 11. Bg5 Be7 12. g4 Bxb1 13. Rxb1 Ne4 14. Bxe7 Qxe7 15. Bd3 f5 16. Kg2 h5 17. g5 Nxg5 18. Nxg5 Qxg5+ 19. Kh2 Qf4+ 20. Kg2 e5 21. dxe5 Nxe5 22. Bc2 h4 23. Re3 Rh5 24. Qd4 Rg5+ 25. Kf1 Qxd4 26. cxd4 Nc4 27. Rc3 Kd7 28. Rd1 b6 29. b3 Nd6 30. Bd3 Ne4 31. Bb5+ Ke7 32. Rc7+ Kf6 33. Rdc1 Rd6 34. Rxa7 Re6 35. Rc2 Rh5 36. a4 Ng5 37. Kg2 Rh8 38. b4 Re4 39. Rc6+ Ne6 40. Rxb6 Rxd4 41. Raa6 Re4 42. Bd7 Kg5 43. Rxe6 Rxb4 44. Rxg6+ Kf4 45. Raf6 Rh5 46. Rg4+ 1-0


[Site "https://www.chess.com"]

[Event "Titled Tuesday Blitz August 09 Early 2022"]
[White "Nakamura, Hikaru"]
[Black "Pulpan, Jakub"]
[WhiteFideId "2016192"]
[BlackFideId "302759"]
[WhiteElo "2850"]
[BlackElo "2451"]
[Result "1-0"]
[Round "02"]
[TimeControl "180+1"]
[Date "2022.08.09"]
[WhiteClock "0:01:50"]
[BlackClock "0:00:06"]

1. g3 d5 2. Bg2 g6 3. d3 Bg7 4. Nc3 Nf6 5. Bd2 c5 6. Qc1 h6 7. Nf3 Nc6 8. O-O Bg4 9. e4 dxe4 10. dxe4 Bxf3 11. Bxf3 Nd4 12. Bg2 Nd7 13. f4 e6 14. e5 Qb6 15. Kh1 O-O 16. Ne4 Nb8 17. c3 Nf5 18. Be1 h5 19. Bf2 Rc8 20. b4 Na6 21. bxc5 Qc7 22. Rb1 Rab8 23. Nd6 Nxc5 24. Nxc8 Rxc8 25. Rd1 b6 26. c4 Bf8 27. h3 h4 28. g4 Ng3+ 29. Bxg3 hxg3 30. Qe3 Na4 31. Rdc1 Rd8 32. Qxg3 Rd2 33. f5 Bg7 34. fxe6 fxe6 35. Rd1 Rxa2 36. Qh4 Rxg2 37. Rd8+ Bf8 38. Rf1 1-0


[Site "https://www.chess.com"]

[Event "Titled Tuesday Blitz August 09 Early 2022"]
[White "Nasir, Zehn"]
[Black "Garrido, Denis"]
[WhiteFideId "2613239"]
[BlackFideId "601217"]
[WhiteElo "1993"]
[BlackElo "2322"]
[Result "1-0"]
[Round "02"]
[TimeControl "180+1"]
[Date "2022.08.09"]
[WhiteClock "0:00:16"]
[BlackClock "0:00:57"]

1. d4 Nf6 2. Bf4 g6 3. Nc3 d5 4. Nf3 Bg7 5. Qd2 O-O 6. h4 Ne4 7. Nxe4 dxe4 8. Ne5 Nd7 9. Nxd7 Bxd7 10. e3 c5 11. O-O-O cxd4 12. exd4 Rc8 13. h5 Qb6 14. Kb1 Bf5 15. Be3 Rfd8 16. Be2 Rd5 17. g4 Be6 18. hxg6 hxg6 19. c4 Ra5 20. d5 Qa6 21. dxe6 Rxa2 22. exf7+ Kxf7 23. Bd4 Ra1+ 24. Kc2 Rxc4+ 25. Bxc4+ Qxc4+ 26. Qc3 Qa4+ 27. Qb3+ Qxb3+ 28. Kxb3 1-0


[Site "https://www.chess.com"]

[Event "Titled Tuesday Blitz August 09 Early 2022"]
[White "Navarrete Mendez, Gonzalo Alberto"]
[Black "Kravtsiv, Martyn"]
[WhiteFideId "5106850"]
[BlackFideId "14113147"]
[WhiteElo "2261"]
[BlackElo "2694"]
[Result "0-1"]
[Round "02"]
[TimeControl "180+1"]
[Date "2022.08.09"]
[WhiteClock "0:00:26"]
[BlackClock "0:00:13"]

1. e4 e5 2. Nf3 Nc6 3. Bb5 a6 4. Ba4 Nf6 5. Nc3 Be7 6. O-O b5 7. Bb3 d6 8. a4 b4 9. Nd5 O-O 10. d4 Bg4 11. dxe5 Nxe5 12. Nxe5 Bxd1 13. Nc6 Nxd5 14. Nxd8 Raxd8 15. Rxd1 Nf6 16. f3 a5 17. Be3 Nd7 18. Rd5 Ra8 19. Rad1 Bf6 20. c3 Rfb8 21. Bc4 bxc3 22. bxc3 Nb6 23. Bxb6 Rxb6 24. Rf5 Rb2 25. Rb5 Rxb5 26. Bxb5 Bxc3 27. Kf1 Bb4 28. Rc1 Bc5 29. Ke2 Kf8 30. Kd3 Rb8 31. Kc4 c6 32. Bxc6 Rb2 33. g4 g5 34. Rc3 Rxh2 35. Rb3 Bb4 36. Bd5 Ke7 37. Kb5 Rc2 38. Rd3 Kf6 39. Rd1 Rc5+ 40. Kb6 Rc3 41. Rh1 Kg7 42. Rh5 h6 43. Rh3 Ra3 44. Kb5 Rc3 45. Kb6 Kg6 46. Bb7 Ra3 47. Bc8 Rxa4 48. Bf5+ Kg7 49. Kb5 Ra3 50. Kc4 Re3 51. Kd4 Rc3 52. e5 dxe5+ 53. Kxe5 a4 54. Rh1 a3 55. Ra1 Rxf3 56. Ra2 Bc3+ 57. Ke4 Rf4+ 58. Kd3 Bb2 59. Kc2 Rxf5 60. Kb3 Rf4 0-1


[Site "https://www.chess.com"]

[Event "Titled Tuesday Blitz August 09 Early 2022"]
[White "Nazari, Arad"]
[Black "Aaditya Dhingra"]
[WhiteFideId "12577324"]
[BlackFideId "25678191"]
[WhiteElo "2129"]
[BlackElo "1849"]
[Result "1-0"]
[Round "02"]
[TimeControl "180+1"]
[Date "2022.08.09"]
[WhiteClock "0:02:08"]
[BlackClock "0:00:35"]

1. e4 c5 2. Nf3 d6 3. Bb5+ Bd7 4. Bxd7+ Qxd7 5. O-O Nf6 6. Re1 Nc6 7. c3 e6 8. d4 cxd4 9. cxd4 d5 10. e5 Ne4 11. a3 Be7 12. Qd3 O-O 13. Nbd2 Nxd2 14. Bxd2 Rfc8 15. h4 h6 16. g4 Qd8 17. h5 b5 18. Kh2 b4 19. g5 hxg5 20. Rg1 bxa3 21. bxa3 f6 22. exf6 gxf6 23. Qg6+ Kh8 24. Qh6+ Kg8 25. Bxg5 fxg5 26. Nxg5 Qc7+ 27. Kh1 Bf8 28. Nxe6+ Kf7 29. Qg6+ Ke7 30. Nxc7 1-0


[Site "https://www.chess.com"]

[Event "Titled Tuesday Blitz August 09 Early 2022"]
[White "Niyazgulova, Marina"]
[Black "Butti, Enrique"]
[WhiteFideId "24142573"]
[BlackFideId "3700470"]
[WhiteElo "1986"]
[BlackElo "2080"]
[Result "1-0"]
[Round "02"]
[TimeControl "180+1"]
[Date "2022.08.09"]
[WhiteClock "0:00:11"]
[BlackClock "0:00:01"]

1. d4 c5 2. d5 e5 3. e4 d6 4. Nc3 Be7 5. Nf3 Nf6 6. Be2 O-O 7. O-O Ne8 8. Nd2 Bg5 9. Nc4 Bxc1 10. Qxc1 f5 11. exf5 Bxf5 12. a4 Nd7 13. Qd2 a6 14. Bd3 Qh4 15. Rae1 Bxd3 16. Qxd3 Qd4 17. Qe2 Ndf6 18. Rd1 Qh4 19. h3 Nh5 20. Qg4 Qxg4 21. hxg4 Nf4 22. Ne4 Rd8 23. f3 Ng6 24. Ng5 Nc7 25. a5 Rfe8 26. Kf2 Nf4 27. Ne3 h6 28. Ne4 Ng6 29. Nc4 Nf4 30. g3 Nfxd5 31. Ncxd6 Re7 32. Nxb7 Rf8 33. Nbxc5 Ref7 34. Rd3 Nb4 35. Rc3 Ncd5 36. Rb3 Nc6 37. Nd2 Nd4 38. Rd3 1-0


[Site "https://www.chess.com"]

[Event "Titled Tuesday Blitz August 09 Early 2022"]
[White "Omariev, Maksim"]
[Black "Srihari L R"]
[WhiteFideId "4193423"]
[BlackFideId "46617116"]
[WhiteElo "2524"]
[BlackElo "2170"]
[Result "0-1"]
[Round "02"]
[TimeControl "180+1"]
[Date "2022.08.09"]
[WhiteClock "0:00:01"]
[BlackClock "0:00:07"]

1. g4 d5 2. Bg2 c6 3. h3 h5 4. g5 e5 5. d4 e4 6. c4 Bb4+ 7. Nc3 Ne7 8. Qb3 a5 9. a3 dxc4 10. Qc2 Bxc3+ 11. Qxc3 Bf5 12. Qxc4 Nd7 13. Be3 h4 14. Qc2 Nb6 15. Bxe4 Bxe4 16. Qxe4 Qd5 17. Qxd5 Nexd5 18. Bd2 a4 19. e4 Nc7 20. Rc1 O-O-O 21. Ne2 Rhe8 22. f3 Kb8 23. Rg1 Ne6 24. Be3 f5 25. gxf6 gxf6 26. Rg4 f5 27. Rxh4 fxe4 28. fxe4 Rg8 29. Kd2 Nc7 30. Kd3 Nd7 31. Bf4 Kc8 32. Rh7 Ne6 33. Bg3 Nxd4 34. Bh4 Nxe2 35. Kxe2 Rde8 36. Ke3 Rg6 37. Rf1 Rge6 38. Rf4 Nc5 39. Kf3 Rxe4 40. Rxe4 Nxe4 41. Bf2 Ng5+ 0-1


[Site "https://www.chess.com"]

[Event "Titled Tuesday Blitz August 09 Early 2022"]
[White "Omelja, Artem"]
[Black "Wagh Suyog"]
[WhiteFideId "14119846"]
[BlackFideId "25071688"]
[WhiteElo "2382"]
[BlackElo "2130"]
[Result "1-0"]
[Round "02"]
[TimeControl "180+1"]
[Date "2022.08.09"]
[WhiteClock "0:00:03"]
[BlackClock "0:00:45"]

1. d4 Nf6 2. c4 g6 3. Nc3 Bg7 4. e4 d6 5. f3 O-O 6. Be3 c5 7. Nge2 Nc6 8. d5 Ne5 9. Ng3 h5 10. Be2 h4 11. Nf1 h3 12. g3 a6 13. Bf2 b5 14. cxb5 axb5 15. Bxb5 c4 16. Ne3 Nd3+ 17. Ke2 Nxb2 18. Qc2 Nd3 19. Bxc4 Nxf2 20. Kxf2 Bd7 21. Rab1 Qc7 22. Rhc1 Rfc8 23. Ne2 Qa7 24. Qd2 Bh6 25. Qd4 Qa3 26. Rc3 Qa5 27. Bb3 Bb5 28. Rbc1 Rxc3 29. Qxc3 Qa7 30. Qd4 Qb7 31. Nf4 Nd7 32. Nxh3 Ne5 33. Rc2 Bg7 34. Qd2 Qb6 35. Kg2 Nd3 36. Nf2 Nc5 37. Rc1 Bh6 38. f4 Ra3 39. Rb1 Qa6 40. e5 dxe5 41. fxe5 Qa7 42. Nfg4 Ne4 43. Qc2 Bxe3 44. Qxe4 Bg5 45. d6 Qa6 46. Qxg6+ Kh8 47. Qxf7 Bc6+ 48. Kh3 Rxb3 49. axb3 exd6 50. Qf8+ Kh7 51. exd6 Bd7 52. Qf7+ Kh8 53. Qxd7 Qd3 54. Qe8+ Kh7 55. Qh5+ Bh6 56. Qxh6+ Kg8 57. Re1 Qxd6 58. Qxd6 1-0


[Site "https://www.chess.com"]

[Event "Titled Tuesday Blitz August 09 Early 2022"]
[White "Onslow, Alfie"]
[Black "Namitbir Singh Walia"]
[WhiteFideId "436976"]
[BlackFideId "35071068"]
[WhiteElo "1885"]
[BlackElo "1664"]
[Result "0-1"]
[Round "02"]
[TimeControl "180+1"]
[Date "2022.08.09"]
[WhiteClock "0:00:01"]
[BlackClock "0:00:20"]

1. e4 c5 2. Nc3 Nc6 3. Bb5 Nd4 4. Nf3 Nxb5 5. Nxb5 g6 6. d4 cxd4 7. Qxd4 f6 8. Qc3 Kf7 9. h4 h5 10. Ng5+ fxg5 11. Qf3+ Kg7 12. hxg5 Qa5+ 13. Bd2 Qxb5 14. Bc3+ e5 15. O-O-O Bb4 16. Rd5 Qxd5 17. exd5 Bxc3 18. Qxc3 Rh7 19. Qxe5+ Kf8 20. d6 Rf7 21. f4 b6 22. Re1 Bb7 23. g3 Rc8 24. b3 Rf5 25. Qd4 Rfc5 26. c4 b5 27. Kb1 bxc4 28. b4 Rb5 29. Qh8 Bd5 30. Re7 Bf7 31. Rxf7+ Kxf7 32. Qh7+ Ke6 33. Qg7 Kxd6 34. Qd4+ Rd5 35. Qxa7 c3 0-1


[Site "https://www.chess.com"]

[Event "Titled Tuesday Blitz August 09 Early 2022"]
[White "Orzech, Dominik"]
[Black "Vlassov, Nikolai"]
[WhiteFideId "1115065"]
[BlackFideId "4103360"]
[WhiteElo "2272"]
[BlackElo "2324"]
[Result "1-0"]
[Round "02"]
[TimeControl "180+1"]
[Date "2022.08.09"]
[WhiteClock "0:01:06"]
[BlackClock "0:01:28"]

1. d4 Nf6 2. Nf3 e6 3. c4 Nc6 4. a3 d5 5. Nc3 dxc4 6. e3 Na5 7. Ne5 c5 8. Nxc4 cxd4 9. exd4 Be7 10. Qa4+ Nc6 11. Ne5 O-O 12. Nxc6 bxc6 13. Qxc6 Rb8 14. Be2 Bb7 15. Qc4 Bxg2 16. Rg1 Bd5 17. Nxd5 Nxd5 18. Bh6 Bf6 19. b4 Qb6 20. Rd1 Rbc8 21. Qd3 Rc3 22. Qd2 Kh8 23. Bd3 Rxd3 24. Bxg7+ Bxg7 25. Qxd3 a5 26. Qg3 Rg8 27. Rc1 axb4 28. Qxg7+ Rxg7 29. Rc8+ Rg8 30. Rcxg8# 1-0


[Site "https://www.chess.com"]

[Event "Titled Tuesday Blitz August 09 Early 2022"]
[White "Perez Leiva, Jerzy Jesus"]
[Black "De Souza, Cristiano Gomes"]
[WhiteFideId "3524337"]
[BlackFideId "2151758"]
[WhiteElo "2287"]
[BlackElo "2068"]
[Result "1-0"]
[Round "02"]
[TimeControl "180+1"]
[Date "2022.08.09"]
[WhiteClock "0:00:18"]
[BlackClock "0:00:07"]

1. e4 c5 2. Nf3 d6 3. Bb5+ Bd7 4. c4 g6 5. Nc3 Bg7 6. d4 cxd4 7. Nxd4 Nc6 8. Be3 Nf6 9. O-O O-O 10. f3 a6 11. Bxc6 bxc6 12. c5 Rb8 13. Qc2 dxc5 14. Nb3 c4 15. Nc5 Qc8 16. Rad1 Be6 17. Rf2 h5 18. Rfd2 Kh7 19. Qc1 Rb5 20. Nxb5 axb5 21. b3 cxb3 22. axb3 Ng8 23. Bd4 Bh6 24. Bb2 Bxd2 25. Qxd2 Nf6 26. Qg5 Qb8 27. Bc1 Qa7 28. b4 Qa2 29. Qh6+ Kg8 30. Be3 Qc4 31. h4 Ra8 32. Kh2 Nh7 33. Bd4 Nf6 34. Bb2 Qxb4 35. Nxe6 fxe6 36. Qxg6+ Kf8 37. Bxf6 exf6 38. Rd7 1-0


[Site "https://www.chess.com"]

[Event "Titled Tuesday Blitz August 09 Early 2022"]
[White "Perez Rodriguez, Jennifer"]
[Black "Luo, Terry"]
[WhiteFideId "3507831"]
[BlackFideId "30931045"]
[WhiteElo "2170"]
[BlackElo "2024"]
[Result "1-0"]
[Round "02"]
[TimeControl "180+1"]
[Date "2022.08.09"]
[WhiteClock "0:00:28"]
[BlackClock "0:01:13"]

1. e4 e5 2. Nf3 Nc6 3. Bc4 Bc5 4. d3 Nf6 5. c3 O-O 6. O-O d5 7. exd5 Nxd5 8. Nbd2 Bg4 9. Ne4 Be7 10. h3 Bh5 11. Re1 a6 12. Ng3 Bg6 13. Nxe5 Nxe5 14. Rxe5 Nb6 15. Bb3 Bf6 16. Re1 Bxd3 17. Be3 Bg6 18. Qxd8 Raxd8 19. Rad1 h5 20. Ne2 Bf5 21. Nf4 h4 22. Bxb6 cxb6 23. Nd5 Rd6 24. Nxf6+ Rxf6 25. Rd4 g5 26. Red1 Re8 27. Rd8 Rxd8 28. Rxd8+ Kg7 29. f3 Be6 30. Kf2 Bxb3 31. axb3 b5 32. Rd7 Rb6 33. b4 Kf6 34. Ke3 Ke6 35. Rc7 f6 36. f4 Kd6 37. Rc5 gxf4+ 38. Kxf4 Ke6 39. Kg4 Rd6 40. Kxh4 Rd2 41. g4 Rxb2 42. Kg3 Rb1 43. h4 Rg1+ 44. Kh3 Rh1+ 45. Kg3 Rg1+ 46. Kf4 Rf1+ 47. Ke3 Rh1 48. h5 b6 49. Rc6+ Ke5 50. Rxb6 Rh3+ 51. Kd2 Rh4 52. Rxa6 Rxg4 53. Rb6 Rh4 54. Rxb5+ Ke4 55. Rc5 Rh2+ 56. Ke1 f5 57. b5 f4 58. Rc7 Rxh5 59. Re7+ Kd3 60. b6 Rb5 61. b7 Kxc3 62. Kf2 Kd4 63. Kf3 Kc5 64. Re5+ 1-0


[Site "https://www.chess.com"]

[Event "Titled Tuesday Blitz August 09 Early 2022"]
[White "Piesik, Piotr"]
[Black "Quirke, Jeffrey"]
[WhiteFideId "1136194"]
[BlackFideId "2013029"]
[WhiteElo "2221"]
[BlackElo "2232"]
[Result "1-0"]
[Round "02"]
[TimeControl "180+1"]
[Date "2022.08.09"]
[WhiteClock "0:02:02"]
[BlackClock "0:00:02"]

1. Nf3 d5 2. g3 Nd7 3. Bg2 e5 4. O-O Ngf6 5. d3 Bd6 6. Nbd2 O-O 7. e4 c6 8. Qe2 Re8 9. a4 a5 10. b3 dxe4 11. dxe4 Qc7 12. Bb2 b5 13. Rfd1 bxa4 14. Rxa4 Nc5 15. Ra2 Ba6 16. Qe1 Bf8 17. Bf1 Bxf1 18. Kxf1 Nfd7 19. Nc4 f6 20. Rxa5 Rxa5 21. Qxa5 Qxa5 22. Nxa5 Nb6 23. Nd2 Rc8 24. f3 Ne6 25. Ndc4 Bc5 26. Nxb6 Bxb6 27. Nc4 Bc5 28. c3 Kf8 29. b4 Be7 30. Ra1 Rc7 31. Ra8+ Kf7 32. Ke2 h5 33. Bc1 1-0


[Site "https://www.chess.com"]